 Dungeon Crawl Stone Soup version 0.31-a0-1119-gf6f8548 (webtiles) character file.

Game seed: 9102349138491025373

77228 gwaga3 the Severer (level 15, -6/234 HPs)
             Began as a Minotaur Berserker on Dec 4, 2023.
             Was a High Priest of Trog.
             Mangled by a tyrant leech (23 damage)
             ... on level 1 of the Swamp.
             The game lasted 02:04:14 (21779 turns).

gwaga3 the Severer (Minotaur Berserker)            Turns: 21779, Time: 02:04:15

Health: -6/234     AC: 13    Str: 30    XL:     15   Next: 14%
Magic:  14/14      EV: 14    Int:  4    God:    Trog [*****.]
Gold:   1355       SH:  0    Dex: 11    Spells: 14/14 levels left

rFire   + . .        i - +2 executioner's axe (heavy)
rCold   . . .        (shield currently unavailable)
rNeg    . . .        C - +0 fire dragon scales
rPois   +            Q - +2 hat {Will+}
rElec   +            z - +0 cloak
rCorr   .            w - +0 pair of gloves
SInv    .            a - +0 pair of boots
Will    ++++.        V - amulet of regeneration Stlth
                     d - ring of protection from cold
HPRegen 1.39/turn    E - ring of Sovereignty {rElec rPois rF- Will++ Str+2}
MPRegen 0.14/turn

%: no passive effects
@: berserking, corroded, very quick
A: horns 2, retaliatory headbutt
a: Renounce Religion, Berserk, Trog's Hand, Brothers in Arms


You were on level 1 of the Swamp.
You worshipped Trog.
Trog was extremely pleased with you.
You visited 5 branches of the dungeon, and saw 20 of its levels.
You also visited: Ossuary, Bailey and Gauntlet.

You collected 1586 gold pieces.
You spent 231 gold pieces at shops.

Inventory:

Hand Weapons
 i - a +2 heavy executioner's axe (weapon)
 P - a +0 heavy war axe
 R - a +4 battleaxe of flaming
Missiles
 W - 3 throwing nets
Armour
 a - a +0 pair of boots (worn)
 w - a +0 pair of gloves (worn)
 z - a +0 cloak (worn)
 C - +0 fire dragon scales (worn)
 D - a +0 crystal plate armour
 G - a +0 buckler
 Q - a +2 hat of willpower (worn)
Jewellery
 d - a ring of protection from cold (left hand)
 o - the ring "Mum Rene" {rElec rC- rN++ AC+4 Int+3}
   (You found it on level 8 of the Dungeon)

   [ring of protection]

   AC+4:      It affects your AC (+4).
   Int+3:     It affects your intelligence (+3).
   rC-:       It makes you vulnerable to cold.
   rElec:     It insulates you from electricity.
   rN++:      It greatly protects you from negative energy.
 E - the ring of Sovereignty (right hand) {rElec rPois rF- Will++ Str+2}
   (You found it in a Gauntlet)

   [ring of poison resistance]

   Str+2:     It affects your strength (+2).
   rF-:       It makes you vulnerable to fire.
   rElec:     It insulates you from electricity.
   rPois:     It protects you from poison Will++: It greatly increases your
   willpower.
 F - a ring of see invisible
 M - a ring of protection from fire
 V - an amulet of regeneration (around neck)
Wands
 h - a wand of roots (16)
 n - a wand of paralysis (6)
 t - a wand of flame (11)
 H - a wand of acid (5)
Scrolls
 e - 5 scrolls of noise
 l - 7 scrolls of enchant armour
 m - 3 scrolls of immolation
 r - 3 scrolls of fog
 s - 5 scrolls of enchant weapon
 u - 6 scrolls of teleportation
 x - a scroll of identify
 y - 2 scrolls of butterflies
 A - a scroll of revelation
 J - 4 scrolls of vulnerability
 O - a scroll of silence
 S - a scroll of blinking
 X - 2 scrolls of poison
 Y - 2 scrolls of fear
Potions
 b - 5 potions of haste
 c - 8 potions of curing
 f - 2 potions of enlightenment {unknown}
 g - a potion of heal wounds
 j - 5 potions of might
 k - 6 potions of berserk rage
 v - 3 potions of invisibility {unknown}
 B - 2 potions of attraction {unknown}
 I - a potion of resistance {unknown}
 K - 5 potions of mutation {unknown}
 N - a potion of magic {unknown}
 T - 2 potions of cancellation
 U - a potion of experience {unknown}
Miscellaneous
 p - a sack of spiders
 q - a phantom mirror
 L - a condenser vane


   Skills:
 + Level 20.5 Fighting
 + Level 20.5 Axes
 - Level 10.0 Armour
 - Level 10.0 Dodging


You had 14 spell levels left.
You didn't know any spells.
Your spell library was empty.

Dungeon Overview and Level Annotations

Branches:
Dungeon (11/15)            Temple (1/1) D:7            Lair (5/5) D:10
  Swamp (1/4) Lair:2       Spider (0/4) Lair:2        Slime (0/5) Lair:5
    Orc (2/2) D:11            Elf (0/3) Orc:2       Ossuary (visited)
 Bailey (visited)         Gauntlet (visited)

Altars:
Ashenzari
Cheibriados
Dithmenos
Elyvilon
Fedhas
Gozag
Hepliaklqana
Kikubaaqudgha
Makhleb
Nemelex Xobeh
Okawaru
Qazlal
Ru
Sif Muna
Trog
Uskayaw
Vehumet
Wu Jian
Xom
Yredelemnul
Zin
The Shining One

Shops:
D:2 :=   Orc:2 *(:(

Portals:
Abyss: D:10

Annotations:
D:10 2 transporters, dhlexpress's ghost, journeyman VSSh
D:11 exclusion: oklob sapling
Lair:5 exclusion: 2 oklob plants


Innate Abilities, Weirdness & Mutations

You have a pair of horns on your head.
You reflexively headbutt those who attack you in melee.


Message History

The spriggan rider hits you from afar with a +0 spear!
* * * LOW HITPOINT WARNING * * *
The goliath frog hits you but does no damage.
The tyrant leech closely misses you.
The spriggan air mage hits you but does no damage.
The goliath frog completely misses you.
The spriggan rider attacks as it pursues you!
The spriggan rider hits you but does no damage.
You miss the spriggan air mage.
Your headbutt misses the spriggan air mage.
You miss the tyrant leech. You miss the goliath frog.
The tyrant leech bites you.
* * * LOW HITPOINT WARNING * * *
The tyrant leech draws strength from your injuries!
The spriggan air mage hits you.
* * * LOW HITPOINT WARNING * * *
The spriggan rider hits you from afar with a +0 spear.
* * * LOW HITPOINT WARNING * * *
The goliath frog closely misses you. You furiously retaliate!
You headbutt the goliath frog!! You closely miss the spriggan air mage.
Your headbutt misses the spriggan air mage.
You barely miss the goliath frog. You closely miss the tyrant leech.
The spriggan air mage hits you.
* * * LOW HITPOINT WARNING * * *
The goliath frog closely misses you. You furiously retaliate!
You headbutt the goliath frog! The tyrant leech barely misses you.
The spriggan rider hits you but does no damage.
You hit the spriggan air mage.
Your headbutt misses the spriggan air mage.
The spriggan air mage is lightly wounded.
You hit the goliath frog. You hit the tyrant leech.
The spriggan air mage waves its arms in wide circles.
The air twists around and strikes you!
* * * LOW HITPOINT WARNING * * *
The goliath frog hits you but does no damage.
The spriggan rider hits you from afar with a +0 spear!
* * * LOW HITPOINT WARNING * * *
The tyrant leech bites you!!
You die...

♣.~.~. ~...~♣♣...~~..♣♣
♣.~..♣ ~.~~.........~.♣
♣♣..♣♣
.~~~....§~~..§.~♣♣♣♣♣~♣
~~~~....~~~.~~..$..♣♣♣
~~~~...~~~~~~~.>~~~~~.♣♣♣
.§~~...~~~~~~§...~~~~~~.~
.~~~...wiF.~~§~~.~~~~~§.♣
.~~~w~§.@...~~~....~~~~.~
.~~§..i...~..~~~~..~~~~~.
~~~....~♣♣♣♣..~~.....~~..
.~~...~~♣ ♣♣........>.~~
~...~♣♣♣♣ ♣~.........~~~
♣.~~~ ♣...?.♣~...... ~..~
♣♣~♣~~♣..~♣♣~. ♣~..
♣♣♣♣~♣♣♣♣♣♣♣♣ ♣♣♣


You could see 2 tyrant leeches, a spriggan rider, a spriggan air mage (repels
missiles) and a goliath frog.

Vanquished Creatures
  Rupert (Lair:4)
  A reaper (Gauntlet)
  The ghost of Xirrym the Geomancer, a journeyman MfEE of Ashenzari (Lair:2)
  2 eleionomae
  A minotaur (Gauntlet)
  An ettin (Orc:2)
  5 hydras
  Erica (D:8)
  Harold (Lair:1)
  2 boulder beetles
  5 two-headed ogres
  2 death scarabs (Gauntlet)
  8 death yaks
  An orc high priest (Orc:2)
  Sonja (Orc:2)
  2 skysharks
  A spriggan druid (Swamp:1)
  A swamp dragon (Swamp:1)
  A bog body (Swamp:1)
  3 lindwurms
  6 orc knights
  2 wolf spiders (Lair:1)
  4 orc sorcerers
  An ugly thing (D:11)
  2 cyclopes
  2 black mambas
  3 kobold blastminers (Orc:1)
  15 elephants
  A torpor snail (Lair:1)
  2 unseen horrors
  A minotaur zombie (Gauntlet)
  15 cane toads
  2 rime drakes
  6 komodo dragons
  2 trolls
  9 hornets
  2 polar bears
  A tyrant leech (Swamp:1)
  10 saltlings (Orc:2)
  9 blink frogs
  Grinder (D:4)
  8 dream sheep
  3 jumping spiders
  2 shadows (D:11)
  Sigmund (D:5)
  17 spriggans
  Eustachio (D:5)
  5 basilisks
  38 yaks
  3 wyverns
  3 wraiths
  A steam dragon (Lair:1)
  A redback (Lair:1)
  A swamp worm (Swamp:1)
  2 wargs
  3 acid dragons
  11 water moccasins
  30 orc warriors
  A sky beast (D:7)
  2 ice beasts
  8 black bears
  A spectral torpor snail (Gauntlet)
  7 ogres
  5 boggarts (Lair:5)
  30 wolves
  3 centaurs
  2 phantoms
  3 kobold brigands
  Blork the orc (D:6)
  7 bullfrogs
  A gnoll sergeant (D:7)
  2 scorpions
  8 wights
  5 howler monkeys
  2 electric eels (Lair:3)
  2 lava snakes (Lair:1)
  An iron imp (D:5)
  4 hounds
  Crazy Yiuf (D:5)
  11 orc priests
  2 sleepcaps
  An iguana (D:5)
  22 orc wizards
  Natasha (thrice) (D:2)
  9 hell rats (Lair:2)
  3 mummies (Ossuary)
  3 gnolls (D:7)
  9 adders
  A shadow imp (Gauntlet)
  2 white imps
  2 adder zombies (Ossuary)
  A worm (D:5)
  A dart slug (D:3)
  92 orcs
  13 ball pythons
  5 endoplasms
  4 giant cockroaches
  9 goblins
  8 hobgoblins
  2 quokkas (D:1)
  4 bats
  2 frilled lizards
  3 goblin zombies
  2 hobgoblin zombies (Ossuary)
  20 kobolds
  6 kobold zombies (Ossuary)
  2 quokka zombies (Ossuary)
  3 rats
  5 rat zombies (Ossuary)
613 creatures vanquished.

Vanquished Creatures (collateral kills)
  An orc knight (Orc:2)
1 creature vanquished.

Vanquished Creatures (others)
  An orc (Orc:1)
1 creature vanquished.

Grand Total: 615 creatures vanquished

Notes
Turn   | Place    | Note
-------+----------+-------------------------------------------
     0 | D:1      | gwaga3 the Minotaur Berserker began the quest for the Orb.
     0 | D:1      | Reached XP level 1. HP: 19/19 MP: 0/0
   271 | D:1      | Reached XP level 2. HP: 26/27 MP: 1/1
  1127 | D:2      | Reached XP level 3. HP: 34/34 MP: 2/2
  1183 | D:2      | Noticed Natasha
  1201 | D:2      | Killed Natasha
  1309 | D:2      | Reached XP level 4. HP: 41/41 MP: 3/3
  1317 | D:2      | Found Vuun's Book Shoppe.
  1517 | D:2      | Noticed Natasha
  1525 | D:2      | Killed Natasha
  1525 | D:2      | Reached ** piety under Trog
  1526 | D:2      | Reached skill level 5 in Fighting
  1526 | D:2      | Reached skill level 5 in Axes
  1657 | D:2      | Noticed Natasha
  1666 | D:2      | Killed Natasha
  1781 | D:2      | Found Paulaorrec's One-of-a-Kind Rings.
  1902 | D:3      | Reached XP level 5. HP: 48/48 MP: 4/4
  2289 | D:3      | Noticed an ice beast
  2297 | D:3      | Killed an ice beast
  2298 | D:3      | Reached XP level 6. HP: 58/58 MP: 5/5
  2324 | D:3      | Found a snail-covered altar of Cheibriados.
  2709 | D:3      | Found an iron altar of Okawaru.
  2712 | D:3      | Found a stormy altar of Qazlal.
  3025 | D:4      | Reached *** piety under Trog
  3251 | D:4      | Noticed Grinder
  3272 | D:4      | Killed Grinder
  3273 | D:4      | Reached XP level 7. HP: 46/66 MP: 3/6
  3805 | D:5      | Entered Level 5 of the Dungeon
  4089 | D:5      | Noticed Sigmund
  4097 | D:5      | Killed Sigmund
  4131 | D:5      | Noticed Eustachio
  4142 | D:5      | Killed Eustachio
  4143 | D:5      | Reached XP level 8. HP: 77/77 MP: 3/7
  4206 | D:5      | Found a shimmering altar of Xom.
  4209 | D:5      | Found a blossoming altar of Fedhas.
  4209 | D:5      | Found a burning altar of Makhleb.
  4211 | D:5      | Found an iron altar of Okawaru.
  4211 | D:5      | Found a hazy altar of Hepliaklqana.
  4211 | D:5      | Found a shimmering altar of Xom.
  4295 | D:5      | Found a runed translucent door.
  4296 | D:5      | Noticed Crazy Yiuf
  4303 | D:5      | Killed Crazy Yiuf
  4675 | D:5      | Found a burning altar of Makhleb.
  5069 | D:6      | Noticed Blork the orc
  5076 | D:6      | Killed Blork the orc
  5118 | D:6      | Found a glowing silver altar of Zin.
  5131 | D:6      | Found a white marble altar of Elyvilon.
  5209 | D:6      | Reached skill level 10 in Axes
  5213 | D:6      | Reached skill level 10 in Fighting
  5636 | D:6      | Reached XP level 9. HP: 86/86 MP: 8/8
  6005 | D:7      | Found a staircase to the Ecumenical Temple.
  6134 | Temple   | Entered the Ecumenical Temple
  6857 | D:8      | Identified the ring "Mum Rene" {rElec rC- rN++ AC+4 Int+3}
  6919 | D:8      | Found a sand-covered staircase.
  6925 | D:8      | Reached **** piety under Trog
  6973 | D:8      | Noticed Erica
  6982 | Ossuary  | Entered an ossuary
  7601 | D:8      | Killed Erica
  7602 | D:8      | Reached XP level 10. HP: 100/100 MP: 9/9
  8133 | D:9      | Found a flagged portal.
  8211 | Bailey   | Entered a bailey
  8951 | Bailey   | Noticed an orc knight
  9172 | Bailey   | Killed an orc knight
  9187 | Bailey   | Acquired a +2 heavy executioner's axe
  9291 | D:9      | Reached ***** piety under Trog
 10087 | D:10     | Entered Level 10 of the Dungeon
 10200 | D:10     | Reached XP level 11. HP: 76/111 MP: 6/10
 10432 | D:10     | Noticed a death yak
 10432 | D:10     | Noticed a death yak
 10433 | D:10     | Noticed a death yak
 10433 | D:10     | Noticed a death yak
 10437 | D:10     | Noticed a death yak
 10444 | D:10     | Killed a death yak
 10446 | D:10     | Noticed a death yak
 10447 | D:10     | Killed a death yak
 10447 | D:10     | Noticed a death yak
 10448 | D:10     | Reached skill level 15 in Axes
 10449 | D:10     | Killed a death yak
 10450 | D:10     | Reached skill level 15 in Fighting
 10451 | D:10     | Killed a death yak
 10481 | D:9      | Killed a death yak
 10715 | D:10     | Killed a death yak
 10723 | D:10     | Killed a death yak
 10799 | D:10     | Found a staircase to the Lair.
 10886 | D:10     | Found a transporter.
 10898 | D:10     | Found a transporter.
 10898 | D:10     | Noticed an arcanist
 10900 | D:10     | Noticed dhlexpress's ghost (journeyman VSSh)
 10979 | D:10     | Found a one-way gate to the infinite horrors of the Abyss.
 11514 | D:11     | Found a staircase to the Orcish Mines.
 11680 | D:11     | Noticed a two-headed ogre
 11687 | D:11     | Killed a two-headed ogre
 11798 | D:11     | Reached skill level 5 in Armour
 12443 | Orc:1    | Entered Level 1 of the Orcish Mines
 12455 | Orc:1    | Noticed an orc sorcerer
 12459 | Orc:1    | Killed an orc sorcerer
 12460 | Orc:1    | Reached XP level 12. HP: 105/122 MP: 11/11
 12637 | Orc:1    | Noticed a two-headed ogre
 12642 | Orc:1    | Killed a two-headed ogre
 12642 | Orc:1    | Received a gift from Trog
 12817 | Orc:1    | Reached skill level 10 in Armour
 13176 | Orc:2    | Entered Level 2 of the Orcish Mines
 13732 | Orc:2    | Noticed Sonja
 13735 | Orc:2    | Reached skill level 5 in Dodging
 13743 | Orc:2    | Killed Sonja
 13753 | Orc:2    | Paralysed by an orc sorcerer for 3 turns
 13973 | Orc:2    | Noticed an ettin
 13973 | Orc:2    | Paralysed by an orc sorcerer for 3 turns
 13982 | Orc:2    | Killed an ettin
 14069 | Orc:2    | Noticed a two-headed ogre
 14074 | Orc:2    | Killed a two-headed ogre
 14182 | Orc:2    | Noticed a two-headed ogre
 14190 | Orc:2    | Killed a two-headed ogre
 14190 | Orc:2    | Noticed a two-headed ogre
 14191 | Orc:2    | Reached skill level 10 in Dodging
 14193 | Orc:2    | Reached XP level 13. HP: 128/128 MP: 12/12
 14302 | Orc:2    | Found Teusmim's Book Shop.
 14498 | Orc:2    | Found Xiumaowk's Antique Weapon Shop.
 14567 | Orc:2    | Found a staircase to the Elven Halls.
 14914 | Orc:2    | Found Biaxzoer's Assorted Antiques.
 14920 | Orc:2    | Bought a scroll of enchant armour for 165 gold pieces
 14920 | Orc:2    | Bought a potion of curing for 66 gold pieces
 14947 | Orc:2    | Found Fupeun's Antique Weapon Boutique.
 15270 | Lair:1   | Entered Level 1 of the Lair of Beasts
 15307 | Lair:1   | Found a runed translucent gate.
 15414 | Lair:1   | Found a gate leading to a gauntlet.
 15424 | Gauntlet | Entered a Gauntlet
 15424 | Gauntlet | Found a transporter.
 15424 | Gauntlet | Found a transporter.
 15443 | Gauntlet | Found a transporter.
 15458 | Gauntlet | Found a transporter.
 15466 | Gauntlet | Found a transporter.
 15470 | Gauntlet | Found a transporter.
 15483 | Gauntlet | Found a transporter.
 15490 | Gauntlet | Noticed a reaper
 15493 | Gauntlet | Found a runed translucent door.
 15494 | Gauntlet | Found a transporter.
 15495 | Gauntlet | Found a runed translucent door.
 15508 | Gauntlet | Found a transporter.
 15512 | Gauntlet | Found a transporter.
 15523 | Gauntlet | Found a transporter.
 15524 | Gauntlet | Found a transporter.
 15726 | Gauntlet | Killed a reaper
 15775 | Gauntlet | Noticed a minotaur
 15780 | Gauntlet | Killed a minotaur
 16096 | Gauntlet | Identified the ring of Sovereignty {rElec rPois rF- Will++
                  | Str+2}
 16156 | Lair:1   | Noticed Harold
 16162 | Lair:1   | Killed Harold
 16448 | Lair:1   | Found a runed translucent door.
 16791 | Lair:1   | Identified the +4 whip "Kessor" {heavy, rCorr}
 16793 | Lair:1   | Found a runed translucent gate.
 16793 | Lair:1   | Found a runed translucent gate.
 16793 | Lair:1   | Found a runed translucent gate.
 16794 | Lair:1   | Found a runed translucent gate.
 16796 | Lair:1   | Found a runed translucent gate.
 16842 | Lair:1   | Identified the ring "Xoetra" {Will+ Int+6}
 16916 | Lair:2   | Found a staircase to the Swamp.
 16916 | Lair:2   | Noticed an eleionoma
 16919 | Lair:2   | Killed an eleionoma
 16969 | Lair:2   | Found a runed translucent gate.
 16987 | Lair:2   | Found a hole to the Spider Nest.
 17382 | Lair:2   | Found a runed translucent gate.
 17382 | Lair:2   | Found a runed translucent gate.
 17385 | Lair:2   | Noticed Xirrym's ghost (journeyman MfEE)
 17762 | Lair:2   | Killed Xirrym's ghost
 17763 | Lair:2   | Reached XP level 14. HP: 63/143 MP: 13/13
 17911 | Lair:3   | Received a gift from Trog
 18385 | Lair:3   | Identified the +0 robe "Omos" {*Slow Str+3 Slay+3}
 19492 | Lair:4   | Noticed Rupert
 19498 | Lair:4   | Killed Rupert
 20070 | Lair:5   | Entered Level 5 of the Lair of Beasts
 20307 | Lair:5   | Found a staircase to the Slime Pits.
 20989 | Lair:5   | Reached XP level 15. HP: 154/155 MP: 14/14
 21361 | Swamp:1  | Entered Level 1 of the Swamp
 21605 | Swamp:1  | Paralysed by a hornet for 1 turns
 21605 | Swamp:1  | Identified the +1 leather armour of the Arcane {Dex+6
                  | Slay+4 Stlth-}
 21779 | Swamp:1  | Mangled by a tyrant leech

Illustrated notes

Levels and vault maps discovered:
D:1:      heliophobic_arrival_battle_scene, layout_basic
D:2:      layout_loops_ring, serial_shops, shop, nicolae_shop_unique_rings,
          grunt_ministairs_12, uniq_natasha
D:3:      layout_rooms, mainiacjoe_overflow_surrounded_room,
          gammafunk_temple_overflow_pools, serial_co_window_serial,
          co_window_paths_a, co_window_paths_a, co_window_paths_b,
          co_window_corner_a, co_window_paths_a, co_window_broadway_c,
          co_window_corner_ca, co_window_broadway_a, co_window_corner_b,
          co_window_unsneaky_path_d, co_window_2corner, glass_columns_b,
          glass_columns_b, minmay_misc_feat_enclosed
D:4:      layout_loops_corners, uniq_grinder
D:5:      layout_basic, makhleb_grotto_becter, doesnt_xom_only_xom,
          uniq_eustachio, uniq_sigmund, uniq_crazy_yiuf_cottage
D:6:      layout_basic, mainiacjoe_overflow_large_starburst,
          kennysheep_generic_room_14, uniq_blork_the_orc
D:7:      layout_basic, minmay_temple_entry_offerings
D:8:      layout_loops_ring, enter_ossuary_4, uniq_erica
D:9:      layout_long_grid, enter_bailey_3, nicolae_sextant
D:10:     layout_basic, dpeg_lair_monsters, gammafunk_ghost_abyssal_escape
D:11:     layout_loops_ring, orc_0_dummy, introduction_to_nature_2
Temple:   nicolae_temple_bog_church
Lair:1:   gammafunk_indiana_jones, layout_chaotic_city, gauntlet_entry_generic,
          infiniplex_staircase_pool, uniq_harold
Lair:2:   layout_long_grid, alex1729_swamp_entry_worm_eleionoma,
          spider_nest_entry_rubble, gammafunk_ghost_hydra_chop
Lair:3:   layout_cellular_growth, pdpol_lair_cavern_descent,
          serial_bayou_shore_b, lemuel_fruit_tree
Lair:4:   layout_roguey, uniq_rupert
Lair:5:   minmay_lair_end_enchanted_forest, layout_loops_ring,
          minmay_slime_entry_oklob_open, minivault_23
Swamp:1:  layout_basic_swamp, serial_swamp_ruin, evilmike_swamp_ruin_house_1,
          hangedman_swamp_ruin_wall
Orc:1:    layout_caves
Orc:2:    hellmonk_orc_salted, layout_caves, statue_in_the_mist_lemuel,
          uniq_sonja

Skill      XL: |  1  2  3  4  5  6  7  8  9 10 11 12 13 14 |
---------------+-------------------------------------------+-----
Fighting       | 4 5 6 7 8 10 12 14 15 16 18 20 | 20.5
Axes           | 4 5 6 7 8 10 12 14 15 16 18 20 | 20.5
Armour         | 7 10 | 10.0
Dodging        | 10 | 10.0

Action                     |  1- 3 |  4- 6 |  7- 9 | 10-12 | 13-15 || total
---------------------------+-------+-------+-------+-------+-------++-------
  Melee: Hand axe          |    36 |   120 |    14 |       |       ||   170
         Punch             |     1 |       |       |       |       ||     1
         Headbutt          |     3 |    20 |    36 |    62 |    83 ||   204
         War axe           |       |       |   200 |    97 |       ||   297
         Executioner's axe |       |       |       |   258 |   452 ||   710
         Battleaxe         |       |       |       |       |     1 ||     1
  Throw: Dart              |       |       |       |       |     5 ||     5
 Invoke: Berserk           |       |     1 |     7 |    14 |    12 ||    34
         Trog's Hand       |       |     1 |     1 |     4 |     4 ||    10
         Brothers in Arms  |       |       |       |     2 |       ||     2
  Evoke: Wand              |       |       |       |     6 |       ||     6
         Condenser vane    |       |       |       |       |     1 ||     1
    Use: Scroll            |       |     4 |    15 |     8 |     5 ||    32
         Potion            |       |       |       |     3 |       ||     3
   Stab: Sleeping          |     4 |       |     1 |       |       ||     5
 Armour: Animal skin       |    19 |       |       |       |       ||    19
         Ring mail         |     3 |    26 |    26 |       |       ||    55
         Steam dragon scal |       |    41 |    20 |       |       ||    61
         Fire dragon scale |       |       |    86 |   371 |   580 ||  1037
  Dodge: Dodged            |    27 |    50 |    81 |   262 |   398 ||   818
  Block: Buckler           |       |     1 |    28 |    25 |       ||    54

Table legend: (Time is in decaauts)
 A = Elapsed time spent in this place.
 B = Non-inter-level travel time spent in this place.
 C = Inter-level travel time spent in this place.
 D = Time resting spent in this place.
 E = Time spent auto-exploring this place.
 F = Levels seen in this place.
 G = Mean time per level.
                   A        B        C        D        E       F      G
               +--------+--------+--------+--------+--------+-----+--------+
         Total |  22493 |  21771 |    722 |   4379 |  12840 |  23 |  978.0 |
       Dungeon |  11162 |  10782 |    380 |    955 |   7573 |  11 | 1014.7 |
        Temple |    111 |    102 |      9 |      0 |      0 |   1 |  111.0 |
          Lair |   5857 |   5594 |    263 |   1131 |   3509 |   5 | 1171.4 |
         Swamp |    224 |    224 |      0 |     45 |     64 |   1 |  224.0 |
  Orcish Mines |   2825 |   2757 |     68 |   1026 |   1298 |   2 | 1412.5 |
       Ossuary |    610 |    610 |      0 |    400 |    100 |   1 |  610.0 |
        Bailey |    992 |    992 |      0 |    527 |    198 |   1 |  992.0 |
      Gauntlet |    710 |    710 |      0 |    293 |     97 |   1 |  710.0 |
               +--------+--------+--------+--------+--------+-----+--------+

Top non-repeatable levels by time:
   Orc:2: 2117 daAuts
  Lair:3: 1400 daAuts
    D:11: 1400 daAuts
     D:9: 1367 daAuts
  Lair:2: 1282 daAuts
  Lair:5: 1269 daAuts
     D:1: 1052 daAuts
     D:6: 1004 daAuts
  Lair:1: 1000 daAuts
  Bailey: 992 daAuts
     D:5: 972 daAuts
     D:3: 972 daAuts
     D:4: 960 daAuts
     D:7: 956 daAuts
    D:10: 931 daAuts
